 Dungeon Crawl Stone Soup version 0.30.0-29-ga12c61a403 (webtiles) character file.

Game seed: 3432858163401121764

286 hawla the Firebug (level 6, -3/45 HPs)
             Began as a Meteoran Fire Elementalist on June 4, 2023.
             Slain by a sleepcap (18 damage)
             ... on level 5 of the Dungeon.
             The game lasted 00:03:44 (715 turns).

hawla the Firebug (Meteoran Fire Elementalist)       Turns: 715, Time: 00:03:45

Health: -3/45      AC:  3    Str: 10    XL:     6   Next: 87%
Magic:  11/13      EV:  2    Int: 18    God:
Gold:   54         SH:  0    Dex: 15    Spells: 6/13 levels left

rFire   . . .        j - +0 flail
rCold   . . .        (no shield)
rNeg    . . .        a - +0 robe
rPois   .            (no helmet)
rElec   .            (no cloak)
rCorr   .            (no gloves)
SInv    .            g - +0 pair of boots
Will    .....        (no amulet)
Stlth   +            (no ring)
HPRegen 0.27/turn    (no ring)
MPRegen 0.13/turn

%: no passive effects
@: sleeping, glowing
A: sense surroundings 1, otherworldly, glowing, explore regen
a: no special abilities


You were on level 5 of the Dungeon.
You visited 1 branch of the dungeon, and saw 5 of its levels.

You collected 54 gold pieces.

Inventory:

Hand Weapons
 j - a +0 flail (weapon)
Armour
 a - a +0 robe (worn)
 g - a +0 pair of boots (worn)
Jewellery
 d - a +5 ring of evasion
Potions
 b - a potion of magic
 c - a potion of lignification
 f - a potion of flight {unknown}
 h - 2 potions of curing {unknown}
 i - a potion of heal wounds {unknown}


   Skills:
 - Level 3.2 Dodging
 - Level 1.4 Stealth
 - Level 4.3 Spellcasting
 + Level 3.9 Conjurations
 - Level 6.0 Fire Magic


You had 6 spell levels left.
You knew the following spells:

 Your Spells              Type           Power      Damage    Failure   Level
a - Foxfire               Conj/Fire      84%        2x1d8     1%          1
b - Scorch                Fire           50%        2d7       1%          2
c - Flame Wave            Conj/Fire      21%        2d8       19%         4

Your spell library contained the following spells:

 Spells                   Type           Power      Damage    Failure   Level
 Inner Flame              Hex/Fire       14%        N/A       12%         3
 Volatile Blastmotes      Fire/Tloc      28%        2d12      12%         3
 Summon Ice Beast         Ice/Summ       3%         N/A       82%         4
 Irradiate                Conj/Tmut      5%         3d13      87%         5
 Blade Hands              Tmut           1%         N/A       99%         5
 Summon Mana Viper        Hex/Summ       3%         N/A       99%         5
 Dragon Form              Tmut           1%         N/A       100%        7
 Monstrous Menagerie      Summ           1%         N/A       100%        7


Dungeon Overview and Level Annotations

Branches:
Dungeon (5/15) Zot: 2281
 Temple: D:4-7

Altars:
Zin

Shops:
D:4 =


Innate Abilities, Weirdness & Mutations

You passively map a small area around you.
You are easily found by Zot.
You glow in the dark.
You regain HP and MP as you explore.


Message History

Flames lash the scorpion.
The scorpion is severely wounded.
The scorpion's fire resistance burns away.
You feel sick. The scorpion barely misses you.
Unknown command.
Casting: Scorch (safe; 1% risk of failure)
Confirm with . or Enter, or press ? or * to list all spells.
Flames lash the scorpion.
The scorpion is burned terribly!
You kill the scorpion!
You feel sick.
Your Conjurations skill increases to level 3!
Unknown command.
You feel sick.
You feel sick.
You feel sick.
You feel sick.
You are no longer poisoned.
There is a stone staircase leading down here.
You climb downwards.
There is a stone staircase leading up here.
As you read the scroll labelled ACUZAXAB IMEB, it crumbles to dust.
Your body is wracked with pain!
* * * LOW HITPOINT WARNING * * *
It was a scroll of torment.
You start waiting.
Magic restored.
A sleepcap comes into view.
You are too injured to fight recklessly!
You are too injured to fight recklessly!
Casting: Scorch (safe; 1% risk of failure)
Confirm with . or Enter, or press ? or * to list all spells.
Flames lash the sleepcap.
The sleepcap is moderately damaged.
The sleepcap's fire resistance burns away.
You hear an angry hiss.
The sleepcap releases spores at you!
You are engulfed in a cloud of soporific spores!
You fall asleep.
The sleepcap releases spores at you!!
You die...

.......<.....#
...#########.####
#....## ####..##
, * ##..# ##.# ,
* ###.# *
######...#
#...f@.###
....###### * . ,
,, * * ** , , *


You could see a sleepcap (combustible).

Vanquished Creatures
  Sigmund (D:4)
  A scorpion (D:4)
  3 adders
  A gnoll (D:5)
  A worm (D:2)
  2 orcs (D:4)
  An endoplasm (D:4)
  A giant cockroach (D:4)
  A goblin (D:4)
  A hobgoblin (D:4)
  A kobold (D:4)
  A ball python (D:4)
  A bat (D:2)
  A frilled lizard (D:1)
17 creatures vanquished.

Vanquished Creatures (others)
  58 foxfires
58 creatures vanquished.

Grand Total: 75 creatures vanquished

Notes
Turn   | Place    | Note
-------+----------+-------------------------------------------
     0 | D:1      | hawla the Meteoran Fire Elementalist began the quest for
                  | the Orb.
     0 | D:1      | Reached XP level 1. HP: 14/14 MP: 5/5
    80 | D:2      | Reached XP level 2. HP: 20/20 MP: 0/6
   148 | D:4      | Reached skill level 4 in Fire Magic
   197 | D:4      | Reached XP level 3. HP: 26/26 MP: 2/8
   206 | D:4      | Found Nomiwaig's Jewellery Emporium.
   278 | D:4      | Noticed Sigmund
   287 | D:4      | Killed Sigmund
   288 | D:4      | Reached skill level 6 in Fire Magic
   288 | D:4      | Reached XP level 4. HP: 18/33 MP: 0/11
   288 | D:4      | Reached XP level 5. HP: 20/38 MP: 0/12
   288 | D:4      | Reached XP level 6. HP: 24/45 MP: 0/13
   291 | D:4      | Learned a level 2 spell: Scorch
   391 | D:4      | Learned a level 4 spell: Flame Wave
   426 | D:4      | Found a glowing silver altar of Zin.
   654 | D:5      | Entered Level 5 of the Dungeon
   715 | D:5      | Slain by a sleepcap

Illustrated notes

Levels and vault maps discovered:
D:1:      lemuel_arrival_river_ford, layout_loops_ring, grunt_decor_junction
D:2:      layout_rooms, serial_curves, eino_curves_03, eino_curves_02,
          basic_ecumenical_altar, chequers_serial_rivers_micro_d
D:3:      layout_basic
D:4:      layout_cave_pools, kennysheep_mini, serial_shops, shop, uniq_sigmund
D:5:      minmay_opposing_rooms, layout_rooms, uniq_edmund

Skill      XL: |  1  2  3  4  5  6 |
---------------+-------------------+-----
Fire Magic     | 4 6 |  6.0
Spellcasting   | 3 4 |  4.3
Dodging        | 3 |  3.2
Conjurations   | 2 3 |  3.9
Stealth        | |  1.4

Action                     |  1- 3 |  4- 6 || total
---------------------------+-------+-------++-------
  Melee: Unarmed           |       |     1 ||     1
   Cast: Foxfire           |    25 |     7 ||    32
         Scorch            |       |     5 ||     5
    Use: Scroll            |     3 |     1 ||     4
 Armour: Robe              |     2 |     2 ||     4
  Dodge: Dodged            |     2 |     4 ||     6
